 Dungeon Crawl Stone Soup version 0.28-a0-957-g42eb19b844 (webtiles) character file.

Game seed: 2952751524382947458

20 mcbry74 the Covered (level 2, 0/26 HPs)
             Began as a Hill Orc Fighter on Nov 30, 2021.
             Slain by Grinder (1 damage)
             ... while paralysed by Grinder
             ... on level 3 of the Dungeon.
             The game lasted 00:01:48 (593 turns).

mcbry74 the Covered (Hill Orc Fighter)               Turns: 593, Time: 00:01:49

Health: 0/26       AC:  7    Str: 18    XL:     2   Next: 79%
Magic:  2/2        EV:  2    Int:  8    God:
Gold:   18         SH:  0    Dex: 10    Spells: 1/1 levels left

rFire   . . .      SeeInvis .   a - +0 long sword
rCold   . . .      Faith    .   c - +0 buckler
rNeg    . . .      Spirit   .   b - +0 scale mail
rPois   .          Reflect  .   (no helmet)
rElec   .          Harm     .   (no cloak)
rCorr   .          Rampage  .   (no gloves)
Will    .....                   (no boots)
Stlth   ..........              (no amulet)
HPRegen 0.08/turn               (no ring)
MPRegen 0.08/turn               (no ring)

@: paralysed, mighty
A: no striking features
a: no special abilities


You were on level 3 of the Dungeon.
You visited 1 branch of the dungeon, and saw 3 of its levels.

You collected 18 gold pieces.

Inventory:

Hand Weapons
 a - a +0 long sword (weapon)
Armour
 b - a +0 scale mail (worn)
 c - a +0 buckler (worn)
Magical Staves
 k - a staff of fire
Jewellery
 j - a ring of ice
Scrolls
 g - a scroll of vulnerability {unknown}
 h - a scroll of enchant weapon {unknown}
Potions
 e - a potion of attraction {unknown}
 f - a potion of cancellation {unknown}
 i - a potion of degeneration {unknown}


   Skills:
 - Level 3.6 Fighting
 + Level 2.4 Long Blades
 + Level 4.2 Armour
 - Level 3.2 Shields


You had one spell level left.
You didn't know any spells.
Your spell library was empty.

Dungeon Overview and Level Annotations

Branches:
Dungeon (3/15)

Altars:

Annotations:
D:3 Grinder


Message History

You closely miss the adder.
The adder is almost dead.
The adder barely misses you.
You slash the adder!
You kill the adder!
Found a stone staircase leading up.
You start resting.
HP restored.
There is a stone staircase leading up here.
Found a gnarled glowing staff.
You see here a staff of fire.
You see here a staff of fire.
k - a staff of fire
There is a stone staircase leading down here.
You climb downwards.
There is a stone staircase leading up here.
A quokka comes into view.
Found a leather armour.
You block the quokka's attack.
You hit the quokka.
The quokka is moderately wounded.
The quokka barely misses you.
You hit the quokka.
You kill the quokka!
No target in view!
You see here a quokka corpse.
Grinder comes into view.
Grinder shouts!
There is a stone staircase leading up here.
You feel very mighty all of a sudden.
You closely miss Grinder. Grinder hits you but does no damage.
You slash Grinder!
Grinder is moderately wounded.
Grinder gestures at you.
You suddenly lose the ability to move!
Grinder completely misses you. Grinder hits you.
You writhe in agony.
Grinder hits you.
You writhe in agony.
Grinder hits you!
* * * LOW HITPOINT WARNING * * *
You writhe in agony.
You die...

#. #.# #. #.#
###.##.######
#.....†...[.#
#.#.##.####.#.##
#.#.##.#........
...........#
....
#..#.##.#5.#...#
..#.#...@.....#
.. #.#...<.....#
.##
#.#.........#
#..#......#
#.........#
#..#.##.#.#
##.... .#.# ...
.# # #..


You could see Grinder.

Vanquished Creatures
  An adder (D:2)
  A bat (D:1)
  3 goblins (D:1)
  4 quokkas
9 creatures vanquished.

Notes
Turn   | Place    | Note
-------+----------+-------------------------------------------
     0 | D:1      | mcbry74 the Hill Orc Fighter began the quest for the Orb.
     0 | D:1      | Reached XP level 1. HP: 19/19 MP: 1/1
   277 | D:1      | Reached XP level 2. HP: 26/26 MP: 2/2
   330 | D:1      | Reached skill level 4 in Armour
   579 | D:3      | Noticed Grinder
   590 | D:3      | Paralysed by Grinder for 6 turns
   593 | D:3      | HP: 1/26 [Grinder (8)]
   593 | D:3      | Slain by Grinder

Illustrated notes

Levels and vault maps discovered:
D:1:      dpeg_arrival_windows_large_door, layout_basic
D:2:      minmay_recursive_quarters, layout_loops_ring, chequers_jeans,
          minmay_tripent
D:3:      corexii_shack_village, layout_basic,
          dreamdust_ecumenical_altar_sealed_demon, serial_shops, shop,
          minmay_misc_feat_cross, roderic_roman_lattice, minmay_mini_jars,
          uniq_jessica, uniq_grinder

Skill      XL: |  1  2 |
---------------+-------+-----
Armour         | 4 |  4.2
Fighting       | |  3.6
Long Blades    | |  2.4
Shields        | |  3.2

Action                   || total
-------------------------++-------
Melee: Long sword        ||    34
  Use: Potion            ||     1
Armor: Scale mail        ||    21
Dodge: Dodged            ||    14
Block: Buckler           ||     8

Table legend: (Time is in decaauts)
 A = Elapsed time spent in this place.
 B = Non-inter-level travel time spent in this place.
 C = Inter-level travel time spent in this place.
 D = Time resting spent in this place.
 E = Time spent auto-exploring this place.
 F = Levels seen in this place.
 G = Mean time per level.
                   A        B        C        D        E       F      G
               +--------+--------+--------+--------+--------+-----+--------+
         Total |    603 |    603 |      0 |    156 |    302 |   3 |  201.0 |
       Dungeon |    603 |    603 |      0 |    156 |    302 |   3 |  201.0 |
               +--------+--------+--------+--------+--------+-----+--------+

Top non-repeatable levels by time:
     D:1: 341 daAuts
     D:2: 236 daAuts
     D:3: 24 daAuts
